 Dungeon Crawl Stone Soup version 0.21.1-1-g345015f (webtiles) character file.

12783 shakethe the Severer (level 11, -5/101 HPs)
             Began as a Hill Orc Fighter on Feb 26, 2018.
             Was a Priest of Kikubaaqudgha.
             Slain by a komodo dragon (12 damage)
             ... on level 11 of the Dungeon.
             The game lasted 00:21:13 (11835 turns).

shakethe the Severer (Hill Orc Fighter)            Turns: 11835, Time: 00:21:14

Health: -5/101     AC: 16    Str: 20    XL:     11   Next: 98%
Magic:  11/11      EV:  7    Int: 11    God:    Kikubaaqudgha [***...]
Gold:   678        SH: 11    Dex: 10    Spells: 10/10 levels left

rFire    . . .     SeeInvis .   a - +1 war axe
rCold    . . .     Gourm    .   c - +0 shield
rNeg     + . .     Faith    .   H - +1 chain mail {rN+}
rPois    +         Spirit   .   t - +0 helmet
rElec    .         Reflect  .   X - scarf {cloud immunity}
rCorr    +         Harm     .   n - +0 pair of gloves
MR       .....                  g - +0 pair of boots
Stlth    ..........             b - amulet of rage {+Rage, !d}
HPRegen  0.26/turn              L - ring of resist corrosion
MPRegen  0.12/turn              w - ring of poison resistance {rPois, !d}

@: lethally poisoned (-5 -> -6)
A: no striking features
a: Receive Corpses, Renounce Religion, Evoke Berserk Rage


You were on level 11 of the Dungeon.
You worshipped Kikubaaqudgha.
Kikubaaqudgha was most pleased with you.
You were not hungry.

You visited 2 branches of the dungeon, and saw 12 of its levels.

You collected 678 gold pieces.

Inventory:

Hand Weapons
 a - a +1 war axe (weapon)
 J - a +3 battleaxe
   (You took it off a wight on level 8 of the Dungeon)
Missiles
 p - 4 throwing nets {=f, !d}
Armour
 c - a +0 shield (worn)
 g - a +0 pair of boots (worn)
   (You found it on level 1 of the Dungeon)
 i - the +3 hat of Pondering {ponderous, MR+ MP+10 Int+5}
   (You took it off Gastronok on level 11 of the Dungeon)

   It affects your intelligence (+5).
   It affects your resistance to hostile enchantments.
   It affects your magic capacity (+10).
 n - a +0 pair of gloves (worn)
   (You found it on level 2 of the Dungeon)
 t - a +0 helmet (worn)
   (You found it on level 4 of the Dungeon)
 H - a +1 chain mail of positive energy (worn)
   (You took it off an orc on level 8 of the Dungeon)
 X - a scarf of cloud immunity (worn)
   (You found it on level 10 of the Dungeon)
Jewellery
 b - an amulet of rage (around neck) {+Rage, !d}
   (You found it on level 8 of the Dungeon)
 l - an uncursed ring of ice {rC+, rF-}
   (You took it off Fannar on level 10 of the Dungeon)
 m - a +5 ring of intelligence
   (You found it on level 2 of the Dungeon)
 w - a ring of poison resistance (right hand) {rPois, !d}
   (You found it on level 4 of the Dungeon)
 y - an uncursed ring of protection from cold {rC+, !d}
   (You found it on level 5 of the Dungeon)
 D - a +2 ring of evasion {unknown}
   (You found it on level 10 of the Dungeon)
 K - an uncursed ring of flight {+Fly, !d}
   (You found it on level 8 of the Dungeon)
 L - a ring of resist corrosion (left hand)
   (You found it on level 8 of the Dungeon)
 Y - an uncursed ring of wizardry {Wiz+, !d}
   (You found it on level 10 of the Dungeon)
Wands
 o - a wand of enslavement (14)
   (You found it on level 4 of the Dungeon)
 E - a wand of clouds (5)
   (You found it on level 5 of the Dungeon)
 I - a wand of iceblast (1)
   (You found it on level 8 of the Dungeon)
Scrolls
 e - a scroll of fog {unknown}
 h - 7 scrolls of teleportation
 k - 6 scrolls of remove curse
 u - a scroll of magic mapping {!r}
 v - 3 scrolls of enchant weapon
 C - 2 scrolls of immolation {unknown}
 F - a scroll of acquirement {unknown}
 O - a scroll of amnesia
 P - a scroll of summoning {unknown}
 S - 4 scrolls of fear {unknown}
 T - a scroll of noise {unknown}
 Z - a scroll of holy word {unknown}
Potions
 j - 2 potions of resistance
 q - 8 potions of curing
 r - 2 potions of brilliance
 x - a potion of agility {unknown}
 z - a potion of ambrosia {unknown}
 G - 2 potions of berserk rage {!q}
 M - 2 potions of degeneration {unknown}
 Q - a potion of flight
 W - a potion of magic {unknown}
Books
 d - Kikubaaqudgha's Disquisition on Darkness
   (Kikubaaqudgha gifted it to you on level 7 of the Dungeon)

   Spells                             Type                      Level
   a - Pain                           Necromancy                   1
   b - Corpse Rot                     Necromancy                   2
   c - Sublimation of Blood           Necromancy                   2
   d - Regeneration                   Charms/Necromancy            3
 A - a book of Air
   (You found it on level 7 of the Dungeon)
 B - a book of Maledictions
   (You found it on level 7 of the Dungeon)
 N - a book of Party Tricks
   (You found it on level 8 of the Dungeon)
 R - Kikubaaqudgha's Papyrus of Evil Rites
   (Kikubaaqudgha gifted it to you on level 11 of the Dungeon)

   Spells                             Type                      Level
   a - Animate Dead                   Necromancy                   4
   b - Excruciating Wounds            Charms/Necromancy            5
   c - Borgnjor's Vile Clutch         Necromancy/Earth             5
   d - Dispel Undead                  Necromancy                   5
   e - Death Channel                  Necromancy                   6
 U - a book of Battle
   (You found it on level 10 of the Dungeon)
 V - a book of Enchantments
   (You found it on level 9 of the Dungeon)
Comestibles
 f - 14 rations


   Skills:
 + Level 10.7 Fighting
 * Level 15.0 Axes
 + Level 9.9 Armour
 + Level 9.8 Shields


You had 10 spell levels left.
You didn't know any spells.

Dungeon Overview and Level Annotations

Branches:
Dungeon (11/15)            Temple (1/1) D:5            Lair (0/6) D:8
    Orc (0/2) D:11

Altars:
Ashenzari
Cheibriados
Dithmenos
Elyvilon
Fedhas
Gozag
Hepliaklqana
Kikubaaqudgha
Makhleb
Nemelex Xobeh
Okawaru
Qazlal
Ru
Sif Muna
Trog
Uskayaw
Vehumet
Xom
Yredelemnul
Zin
The Shining One
Beogh

Shops:
D:5 *(   D:8 *[


Message History

You are more poisoned.
The water moccasin poisons you!
You take 6 damage, and have 78/101 hp.
Unknown command.
You barely miss the cyclops.
You hit the killer bee but do no damage.
You slash the water moccasin!
You feel sick.
The killer bee stings you but does no damage.
The water moccasin barely misses you. The killer bee stings you.
The cyclops barely misses you.
The water moccasin bites you but does no damage.
You take 4 damage, and have 74/101 hp.
Your shield and chain mail prevent you from hitting the cyclops.
You barely miss the water moccasin. You hit the killer bee.
You feel sick. The killer bee barely misses you.
The killer bee stings you but does no damage.
You take 1 damage, and have 73/101 hp.
You slash the cyclops! You slash the water moccasin!
You kill the water moccasin!
Kikubaaqudgha accepts your kill.
You closely miss the killer bee. You miss the orc wizard.
You feel sick. You block the killer bee's attack.
The orc wizard hits you but does no damage.
The cyclops hits you!
You take 11 damage, and have 62/101 hp.
You slash the cyclops!
You kill the cyclops!
Kikubaaqudgha accepts your kill.
Your Axes skill increases to level 15!
You closely miss the komodo dragon. You closely miss the killer bee.
You slash the orc wizard!
You feel sick.
The killer bee stings you but does no damage.
The orc wizard gestures wildly while chanting.
The orc wizard blinks!
You block the killer bee's attack. The komodo dragon bites you!
You take 10 damage, and have 52/101 hp.
You completely miss the killer bee.
You hit the komodo dragon but do no damage.
The killer bee stings you but does no damage.
You hit the killer bee.
You hit the komodo dragon but do no damage.
You feel sick. You block the killer bee's attack. The komodo dragon bites you!!
The killer bee stings you but does no damage.
You take 20 damage, and have 33/101 hp.
You slash the killer bee!
You kill the killer bee!
Kikubaaqudgha accepts your kill.
Your chain mail prevents you from hitting the komodo dragon.
You feel sick.
The komodo dragon bites you but does no damage.
The orc rages.
You take 1 damage, and have 32/101 hp.
You feel sick.
You see here a killer bee corpse.
You take 1 damage, and have 31/101 hp.
You feel sick.
You take 1 damage, and have 30/101 hp.
You feel sick.
You take 1 damage, and have 30/101 hp.
You feel sick.
The orc rages.
You take 1 damage, and have 29/101 hp.
You feel sick.
The orc wizard casts a spell.
The orc wizard seems to speed up.
You take 1 damage, and have 29/101 hp.
Unknown command.
You feel sick.
The orc wizard casts a spell.
The orc wizard blinks!
You take 1 damage, and have 28/101 hp.
Wield which item (- for none, * to show all)? (? for menu, Esc to quit)
Okay, then.
You feel much better.
You feel sick. You block the orc's attack. The komodo dragon bites you!
The orc hits you but does no damage.
You regained 6 hp, and now have 35/101 hp.
You slash the orc! You slash the komodo dragon! The komodo dragon bites you!
* * * LOW HITPOINT WARNING * * *
You take 16 damage, and have 19/101 hp.
You miss the orc wizard. You hit the komodo dragon.
You block the komodo dragon's attack.
You slice the orc wizard!!
You kill the orc wizard!
Kikubaaqudgha accepts your kill.
You hit the komodo dragon but do no damage.
A scorpion comes into view.
You slash the orc!
You kill the orc!
Kikubaaqudgha accepts your kill.
You slash the komodo dragon!
You feel sick. The komodo dragon bites you!
* * * LOW HITPOINT WARNING * * *
The orc throws a stone.
The stone hits you but does no damage.
You take 14 damage, and have 5/101 hp.
You feel much better. The komodo dragon bites you!!
* * * LOW HITPOINT WARNING * * *
The orc throws a stone.
You block the stone.
You regained 2 hp, and now have 7/101 hp.
You slash the komodo dragon! The komodo dragon bites you!
You die...
Kikubaaqudgha rasps: "You have failed me!
Welcome... death!"

#.#..# ##†#†(# ##.(((##
##### #### ###..#.†.##
##...# ##..# #..o###...###
#...## ##...## ...##
###...## ##...####..<[.#
.###
##...###....##....[).# .#
###.o.#...#.........####
.# ##..)@............##..
.# ###l)................
## ## #....##............
# #. ##s..#######........
#. ##.....## ##....... ##.
##.......### #........
#..##..##......###........
#.#..####>.....#.........
# ##..## ###..............


You could see a komodo dragon, a scorpion and an orc.

Vanquished Creatures
  Gastronok (D:11)
  Snorg (D:10)
  Erolcha (D:10)
  Fannar (D:10)
  A two-headed ogre (D:10)
  Nergalle (D:10)
  A cyclops (D:11)
  A guardian serpent (D:11)
  2 kobold demonologists (D:11)
  A hornet (D:10)
  3 hippogriffs
  Sigmund (D:5)
  3 yaks (D:10)
  A hungry ghost (D:9)
  2 water moccasins
  4 ice beasts
  4 orc warriors
  2 sky beasts
  4 ogres
  A necrophage (D:10)
  4 centaurs
  2 crocodiles (D:8)
  3 big kobolds
  5 bullfrogs
  14 killer bees
  14 wights
  3 crimson imps
  6 hounds
  4 jellies
  2 centaur skeletons
  6 orc priests
  A gnoll shaman (D:9)
  11 orc wizards
  2 iguanas
  5 worker ants
  A hound zombie (D:6)
  A hound skeleton (D:5)
  2 howler monkey skeletons
  A worker ant zombie (D:8)
  8 gnolls
  5 adders
  2 shadow imps
  2 oozes
  An adder skeleton (D:8)
  4 worms
  2 dart slugs (D:3)
  6 leopard geckos
  60 orcs
  10 bats
  4 giant cockroaches
  2 goblins
  5 hobgoblins
  23 jackals
  12 kobolds
  3 quokkas
  2 ball pythons
  3 frilled lizards
  A giant cockroach zombie (D:6)
  5 rats
283 creatures vanquished.

Vanquished Creatures (others)
  2 jackals (D:2)
2 creatures vanquished.

Grand Total: 285 creatures vanquished

Notes
Turn   | Place    | Note
-------+----------+-------------------------------------------
     0 | D:1      | shakethe the Hill Orc Fighter began the quest for the Orb.
     0 | D:1      | Reached XP level 1. HP: 19/19 MP: 1/1
    31 | D:1      | Reached skill level 3 in Axes
    47 | D:1      | Reached XP level 2. HP: 27/27 MP: 2/2
   733 | D:2      | Reached XP level 3. HP: 33/33 MP: 3/3
   742 | D:2      | Reached skill level 4 in Fighting
  1025 | D:2      | Found a radiant altar of Vehumet.
  1312 | D:3      | Reached skill level 4 in Axes
  1595 | D:3      | Reached XP level 4. HP: 37/40 MP: 4/4
  1975 | D:3      | Reached skill level 4 in Armour
  1975 | D:3      | Reached skill level 4 in Shields
  1975 | D:3      | Reached XP level 5. HP: 31/47 MP: 5/5
  2116 | D:3      | Found a deep blue altar of Sif Muna.
  2119 | D:3      | Found a hazy altar of Hepliaklqana.
  2126 | D:3      | Found a glowing golden altar of the Shining One.
  2129 | D:3      | Found a bloodstained altar of Trog.
  2130 | D:3      | Found a shimmering altar of Xom.
  2180 | D:3      | Found a white marble altar of Elyvilon.
  2180 | D:3      | Found an opulent altar of Gozag.
  2618 | D:4      | Reached skill level 5 in Axes
  2848 | D:4      | Reached XP level 6. HP: 33/53 MP: 6/6
  3260 | D:4      | You fall through a shaft!
  3260 | D:5      | Entered Level 5 of the Dungeon
  3264 | D:5      | Found Puil's General Store.
  3271 | D:5      | Noticed an ice beast
  3384 | D:4      | Reached skill level 5 in Fighting
  4004 | D:5      | Killed an ice beast
  4004 | D:5      | Reached skill level 6 in Axes
  4012 | D:5      | Reached XP level 7. HP: 61/61 MP: 7/7
  4080 | D:5      | You fall through a shaft for 2 floors!
  4103 | D:7      | Reached skill level 5 in Armour
  4203 | D:7      | Noticed a hippogriff
  4212 | D:7      | Killed a hippogriff
  4212 | D:7      | Reached skill level 7 in Axes
  4212 | D:7      | Reached skill level 5 in Shields
  4474 | D:7      | Reached XP level 8. HP: 65/70 MP: 8/8
  4757 | D:7      | Reached skill level 6 in Fighting
  4791 | D:7      | Reached skill level 8 in Axes
  5105 | D:7      | Reached skill level 6 in Armour
  5107 | D:7      | Reached skill level 9 in Axes
  5108 | D:7      | Reached skill level 6 in Shields
  5332 | D:7      | Got a faintly glowing robe
  5440 | D:6      | Reached XP level 9. HP: 47/78 MP: 9/9
  5442 | D:6      | Reached skill level 7 in Fighting
  5705 | D:6      | Reached skill level 10 in Axes
  5775 | D:6      | Found a shimmering altar of Xom.
  5910 | D:5      | HP: 14/79 [orc warrior/mace (7)]
  6202 | D:5      | Found Irymas's Antique Weapon Emporium.
  6250 | D:5      | Noticed Sigmund
  6263 | D:5      | Killed Sigmund
  6331 | D:5      | Reached skill level 7 in Armour
  6342 | D:5      | HP: 19/79 [hound (1)]
  6759 | D:5      | Reached skill level 7 in Shields
  6812 | D:5      | Found a staircase to the Ecumenical Temple.
  6821 | Temple   | Entered the Ecumenical Temple
  6874 | Temple   | Became a worshipper of Kikubaaqudgha
  7027 | D:6      | Found a shadowy altar of Dithmenos.
  7310 | D:8      | Found Gattis's Antique Armour Emporium.
  7310 | D:8      | Found a roughly hewn altar of Beogh.
  7325 | D:8      | Reached skill level 11 in Axes
  7332 | D:8      | HP: 19/81 [orc/short sword of speed (3)]
  7339 | D:8      | HP: 20/81 [hippogriff (6)]
  7341 | D:7      | Reached skill level 8 in Fighting
  7345 | D:7      | HP: 10/81 [poisoned by a killer bee]
  7349 | D:7      | Reached * piety under Kikubaaqudgha
  7349 | D:7      | Identified Kikubaaqudgha's Disquisition on Darkness (Kikubaaqudgha gifted it to you on level 7 of the Dungeon)
  7349 | D:7      | Received a gift from Kikubaaqudgha
  7350 | D:7      | HP: 9/81 [poisoned by a killer bee]
  7357 | D:7      | HP: 9/81 [poisoned by a killer bee]
  7365 | D:7      | HP: 9/81 [poisoned by a killer bee]
  7855 | D:8      | Reached XP level 10. HP: 82/88 MP: 10/10
  7938 | D:8      | Reached ** piety under Kikubaaqudgha
  8014 | D:8      | Found a staircase to the Lair.
  8311 | D:8      | Found Wila's Assorted Antiques.
  8342 | D:8      | Reached skill level 12 in Axes
  8732 | D:9      | Reached skill level 8 in Armour
  8780 | D:9      | Found a snail-covered altar of Cheibriados.
  8815 | D:9      | Reached skill level 8 in Shields
  9211 | D:10     | Entered Level 10 of the Dungeon
  9211 | D:10     | Noticed Fannar
  9244 | D:10     | HP: 18/90 [Fannar/bolt of cold (18)]
  9248 | D:10     | HP: 4/90 [ice beast[Fannar] (6)]
  9254 | D:10     | HP: 5/90 [Fannar/quarterstaff of freezing (8)]
  9260 | D:10     | Killed Fannar
  9260 | D:10     | Reached skill level 9 in Fighting
  9676 | D:10     | Noticed Erolcha
  9692 | D:10     | Killed Erolcha
  9692 | D:10     | Reached skill level 13 in Axes
  9704 | D:10     | Noticed Snorg
  9711 | D:10     | Reached XP level 11. HP: 91/97 MP: 11/11
  9733 | D:10     | HP: 30/145 [Snorg (17)]
  9737 | D:10     | HP: 11/145 [Snorg (6)]
  9738 | D:10     | Killed Snorg
  9738 | D:10     | Reached skill level 9 in Armour
  9738 | D:10     | Reached skill level 9 in Shields
 10156 | D:10     | Noticed Nergalle
 10183 | D:10     | Killed Nergalle
 10468 | D:10     | Noticed a two-headed ogre
 10479 | D:10     | Killed a two-headed ogre
 10479 | D:10     | Reached skill level 10 in Fighting
 10479 | D:10     | Reached skill level 14 in Axes
 11105 | D:11     | Found a staircase to the Orcish Mines.
 11197 | D:11     | Noticed a cyclops
 11340 | D:11     | Noticed Gastronok
 11367 | D:11     | Reached *** piety under Kikubaaqudgha
 11367 | D:11     | Identified Kikubaaqudgha's Papyrus of Evil Rites (Kikubaaqudgha gifted it to you on level 11 of the Dungeon)
 11367 | D:11     | Received a gift from Kikubaaqudgha
 11657 | D:11     | Killed Gastronok
 11815 | D:11     | Killed a cyclops
 11815 | D:11     | Reached skill level 15 in Axes
 11830 | D:11     | HP: 19/101 [komodo dragon (16)]
 11833 | D:11     | HP: 5/101 [komodo dragon (14)]
 11835 | D:11     | Slain by a komodo dragon

Skill      XL: |  1  2  3  4  5  6  7  8  9 10 11 |
---------------+----------------------------------+-----
Axes           | 3 4 5 6 7 9 11 13 15 | 15.0
Fighting       | 4 5 6 8 9 10 | 10.7
Armour         | 4 5 6 7 8 9 |  9.9
Shields        | 4 5 6 7 8 9 |  9.8

Action                   |  1- 3 |  4- 6 |  7- 9 | 10-12 || total
-------------------------+-------+-------+-------+-------++-------
Melee: War axe           |   133 |   126 |   398 |   472 ||  1129
Evoke: Wand              |       |       |       |     3 ||     3
  Use: Scroll            |       |    11 |       |     5 ||    16
       Potion            |       |       |     4 |    11 ||    15
  Eat: Chunk             |     2 |     7 |     8 |     1 ||    18
       Ration            |       |       |     2 |     4 ||     6
Armor: Scale mail        |    76 |    60 |   176 |       ||   312
       Chain mail        |       |       |     7 |   213 ||   220
       Skin              |       |       |       |    19 ||    19
Dodge: Dodged            |    46 |    38 |   129 |    92 ||   305
Block: Shield            |    81 |    77 |   243 |   246 ||   647

Vault maps used:
D:1:      saegor_arrival_simple_c
D:2:      fiery_altar_vehumet, first_ration
D:3:      minitemple, gammafunk_temple_overflow_elements, minivault_23
D:5:      lemuel_temple_firewalk_b, serial_shops, shop, nicolae_shop_crystal,
          uniq_sigmund
D:6:      grunt_dithmenos_smoke_and_mirrors, basic_altar
D:8:      lair_entry_dummy, serial_shops, kennysheep_mini_moat,
          nicolae_shop_trees, special_room
D:9:      old_standard_altar
D:10:     serial_curves, eino_curves_01, eino_curves_03, grunt_ogre_cave,
          uniq_erolcha, uniq_fannar, uniq_snorg, uniq_nergalle
D:11:     nrook_guardian_serpent_snake_passage, uniq_gastronok
Temple:   nicolae_temple_hex_pool

Table legend:
 A = Turns spent in this place as a percentage of turns spent in the entire game.
 B = Non-inter-level travel turns spent in this place as a percentage of non-inter-level travel turns spent in the entire game.
 C = Inter-level travel turns spent in this place as a percentage of turns spent in this place.
 D = Turns resting spent in this place as a percentage of non-inter-level travel turns spent in this place.
 E = Turns spent auto-exploring this place as a percentage of non-inter-level travel turns spent in this place.
 F = Non-inter-level travel turns spent in this place divided by the number of levels of this place that you've seen.
                   A       B       C       D       E      F
               +-------+-------+-------+-------+-------+----------------------
         Total | 100.0 | 100.0 |   1.9 |  30.0 |  47.3 | 968.0
       Dungeon |  99.1 |  99.1 |   1.9 |  30.2 |  47.3 | 1046.6
        Temple |   0.9 |   0.9 |   0.0 |   0.0 |  47.6 | 103.0
               +-------+-------+-------+-------+-------+----------------------

Table legend:
 A = Kills in this place as a percentage of kills in entire the game.
 B = Kills by you in this place as a percentage of kills by you in the entire game.
 C = Kills by friends in this place as a percentage of kills by friends in the entire game.
 D = Other kills in this place as a percentage of other kills in the entire game.
 E = Experience gained in this place as a percentage of experience gained in the entire game.
 F = Experience gained in this place divided by the number of levels of this place that you have seen.
                   A       B       C       D       E      F
               +-------+-------+-------+-------+-------+----------------------
         Total | 100.0 | 100.0 |   N/A |   N/A | 100.0 | 1521.8
       Dungeon | 100.0 | 100.0 |   N/A |   N/A | 100.0 | 1660.2
               +-------+-------+-------+-------+-------+----------------------
